 Dungeon Crawl Stone Soup version 0.31.0-1-g2c135a0 (webtiles) character file.

Game seed: 16149112451010548175

2417 zhionzacheriah the Grappler (level 9, -3/85 HPs)
             Began as a Troll Berserker on Apr 12, 2024.
             Was an Elder of Trog.
             Slain by an orange demon (4 damage)
             ... led by Amaemon
             ... on level 8 of the Dungeon.
             The game lasted 00:12:43 (3804 turns).

zhionzacheriah the Grappler (Troll Berserker)       Turns: 3804, Time: 00:12:44

Health: -3/85      AC:  4    Str: 31    XL:     9   Next: 23%
Magic:  8/8        EV: 10    Int:  3    God:    Trog [****..]
Gold:   242        SH:  5    Dex:  9    Spells: 8/8 levels left

rFire   . .          .
                       - Unarmed
rCold   . . .        (no shield)
rNeg    . . .        a - +0 animal skin
rPois   +            (helmet restricted)
rElec   .            (no cloak)
rCorr   .            (gloves unavailable)
SInv    .            (boots unavailable)
Will    .....        g - amulet of reflection
Stlth   ++           m - ring of poison resistance
HPRegen 1.14/turn    (no ring)
MPRegen 0.11/turn

%: reflection
@: lethally poisoned (-3 -> -9), on berserk cooldown, slowed, very slow
A: large, unfitting armour, claws 3, regeneration 1, shaggy fur 1, tough skin 1
a: Renounce Religion, Berserk, Trog's Hand, Brothers in Arms


You were on level 8 of the Dungeon.
You worshipped Trog.
Trog was greatly pleased with you.
You visited 1 branch of the dungeon, and saw 7 of its levels.

You collected 270 gold pieces.
You spent 28 gold pieces at shops.

Inventory:

Missiles
 f - a throwing net (quivered)
Armour
 a - a +0 animal skin (worn)
Jewellery
 g - an amulet of reflection (around neck)
 m - a ring of poison resistance (left claw)
 n - an amulet of guardian spirit
Wands
 q - a wand of quicksilver (21)
 t - a wand of mindburst (17)
Scrolls
 b - 3 scrolls of enchant armour
 i - 2 scrolls of blinking
 j - a scroll of noise
 k - 3 scrolls of poison
 l - a scroll of vulnerability {unknown}
 r - 2 scrolls of immolation
 u - a scroll of revelation {unknown}
 v - a scroll of brand weapon {unknown}
 x - 2 scrolls of identify
Potions
 c - a potion of magic {unknown}
 d - a potion of attraction {unknown}
 e - a potion of heal wounds {unknown}
 h - 2 potions of mutation {unknown}
 o - 4 potions of lignification
 p - a potion of ambrosia {unknown}
 s - 2 potions of haste
 w - a potion of curing {unknown}


   Skills:
 + Level 4.6 Fighting
 + Level 5.0 Dodging
 + Level 1.6 Stealth
 + Level 2.0 Shields
 + Level 9.9 Unarmed Combat


You had 8 spell levels left.
You didn't know any spells.
Your spell library was empty.

Dungeon Overview and Level Annotations

Branches:
Dungeon (8/15)             Temple (0/1) D:4
   Lair: D:8-11

Altars:
Cheibriados
Kikubaaqudgha
Trog
Uskayaw
Yredelemnul
Zin

Shops:
D:7 ?

Annotations:
D:8 Amaemon


Innate Abilities, Weirdness & Mutations

You are too large for most types of armour.
You have claws for hands.
Your natural rate of healing is unusually fast.
You are covered in fur. (AC +1)
You have tough skin. (AC +1)


Message History

Amaemon hits you with a -2 demon whip of venom!
Amaemon claws you!
Amaemon tail-slaps you but does no damage.
You claw Amaemon!
Amaemon is severely wounded.
Amaemon hits you with a -2 demon whip of venom!
Amaemon completely misses you. Amaemon closely misses you.
You scratch Amaemon but do no damage.
Amaemon is severely wounded.
Amaemon hits you with a -2 demon whip of venom.
You are poisoned.
Amaemon claws you. You block Amaemon's attack.
You mangle Amaemon!!
Amaemon is almost dead.
You feel very sick. The orange demon stings you from afar!
Amaemon hits you with a -2 demon whip of venom!
* * * LOW HITPOINT WARNING * * *
You block Amaemon's attack. Amaemon tail-slaps you.
* * * LOW HITPOINT WARNING * * *
You are more poisoned.
Amaemon poisons you!
Amaemon gestures wildly while chanting.
The orange demon barely misses you.
You scratch the scorpion. You claw the scorpion!
You kill the scorpion!
The scorpion's corpse disappears in a puff of smoke!
* * * LOW HITPOINT WARNING * * *
You feel extremely sick.
The orange demon no longer looks unusually toxic.
Amaemon hits you with a -2 demon whip of venom!
* * * LOW HITPOINT WARNING * * *
You block Amaemon's attack. Amaemon tail-slaps you.
* * * LOW HITPOINT WARNING * * *
The orange demon closely misses you.
* * * LOW HITPOINT WARNING * * *
You feel very sick.
The orange demon attacks as it pursues you!
The orange demon stings you from afar.
You die...

###
#@#
#6#
#4#
#†#
#s#
#.#
#.#
#.#
#.#


You could see Amaemon, an orange demon and a scorpion (summoned, curare).

Vanquished Creatures
  A wyvern (D:8)
  A steam dragon (D:7)
  Menkaure (D:5)
  A black bear (D:7)
  2 orc warriors
  An ice beast (D:7)
  3 ogres
  2 kobold brigands
  A phantom (D:4)
  2 scorpions
  3 bullfrogs (D:7)
  6 killer bees (D:5)
  A howler monkey (D:5)
  4 hounds
  An orc priest (D:7)
  2 sleepcaps (D:4)
  Ijyb (D:5)
  2 iguanas (D:5)
  6 orc wizards
  2 gnolls (D:4)
  6 adders
  A shadow imp (D:6)
  4 ribbon worms
  2 dart slugs (D:1)
  19 orcs
  3 ball pythons (D:1)
  3 bats (D:1)
  8 endoplasms
  2 giant cockroaches
  2 goblins (D:4)
  2 hobgoblins
  3 jackals (D:1)
  2 frilled lizards (D:1)
  16 kobolds
  5 rats
121 creatures vanquished.

Notes
Turn   | Place    | Note
-------+----------+-------------------------------------------
     0 | D:1      | zhionzacheriah the Troll Berserker began the quest for the
                  | Orb.
     0 | D:1      | Reached XP level 1. HP: 22/22 MP: 0/0
   161 | D:1      | Reached XP level 2. HP: 29/29 MP: 1/1
   323 | D:1      | Reached XP level 3. HP: 35/36 MP: 2/2
   419 | D:1      | Reached ** piety under Trog
   553 | D:2      | You fall into a shaft and drop 2 floors!
   679 | D:4      | Noticed a scorpion
   690 | D:4      | Killed a scorpion
   691 | D:4      | Reached skill level 4 in Unarmed Combat
   691 | D:4      | Reached XP level 4. HP: 43/45 MP: 3/3
   727 | D:4      | Reached XP level 5. HP: 53/53 MP: 4/4
   924 | D:4      | Found a hide-covered altar of Uskayaw.
   941 | D:4      | Found a basalt altar of Yredelemnul.
  1040 | D:4      | Reached skill level 5 in Unarmed Combat
  1048 | D:4      | Noticed a phantom
  1055 | D:4      | Killed a phantom
  1056 | D:4      | Reached XP level 6. HP: 56/61 MP: 5/5
  1075 | D:4      | Reached skill level 1 in Shields
  1325 | D:4      | Found a glowing silver altar of Zin.
  1332 | D:4      | Reached skill level 6 in Unarmed Combat
  1357 | D:4      | Reached *** piety under Trog
  1602 | D:4      | Found a staircase to the Ecumenical Temple.
  1730 | D:5      | Entered Level 5 of the Dungeon
  1736 | D:5      | Reached XP level 7. HP: 58/67 MP: 6/6
  1864 | D:5      | Noticed Menkaure
  1872 | D:5      | Killed Menkaure
  1873 | D:5      | Reached skill level 7 in Unarmed Combat
  2065 | D:5      | Noticed Ijyb
  2077 | D:5      | Killed Ijyb
  2083 | D:5      | Reached skill level 1 in Stealth
  2083 | D:5      | Reached XP level 8. HP: 25/78 MP: 7/7
  2340 | D:6      | Reached skill level 8 in Unarmed Combat
  2916 | D:6      | Found a snail-covered altar of Cheibriados.
  2927 | D:6      | Reached **** piety under Trog
  3090 | D:7      | Reached skill level 9 in Unarmed Combat
  3111 | D:7      | Found Yblyluoh's Magic Scroll Emporium.
  3119 | D:7      | Bought a scroll of identify for 28 gold pieces
  3157 | D:7      | Reached XP level 9. HP: 73/85 MP: 8/8
  3557 | D:7      | Found a bloodstained altar of Trog.
  3582 | D:7      | Found an ancient bone altar of Kikubaaqudgha.
  3696 | D:8      | Noticed Amaemon
  3696 | D:8      | Noticed an orange demon
  3710 | D:8      | Reached skill level 5 in Dodging
  3804 | D:8      | HP: 1/85 [poisoned by Amaemon]
  3804 | D:8      | Slain by an orange demon

Illustrated notes

Levels and vault maps discovered:
D:1:      heliophobic_arrival_battle_scene, layout_rooms
D:2:      layout_basic, basic_altar, uniq_sigmund
D:4:      wad_river_or_something, layout_basic, mainiacjoe_overflow_paths,
          mainiacjoe_overflow_six_doors_small, mainiacjoe_overflow_brackets,
          minmay_temple_entry_offerings, serial_bayou, serial_bayou_pond_b,
          serial_bayou_crossing, serial_bayou_lake_a
D:5:      layout_rooms, uniq_ijyb, uniq_menkaure
D:6:      layout_gridville, cheibrodos_worm_habitat, serial_park_tiny_2
D:7:      layout_loops_ring, mainiacjoe_overflow_alcove_4,
          lightli_temple_of_fire, serial_shops, nicolae_square_shop
D:8:      layout_basic, amcnicky_altar_gilded, uniq_amaemon, uniq_maggie,
          uniq_grum, uniq_psyche

Skill      XL: |  1  2  3  4  5  6  7  8  9 |
---------------+----------------------------+-----
Dodging        | 3 4 5 |  5.0
Fighting       | 3 4 |  4.6
Unarmed Combat | 4 5 6 7 9 |  9.9
Shields        | 1 2 |  2.0
Stealth        | 1 |  1.6

Action                     |  1- 3 |  4- 6 |  7- 9 || total
---------------------------+-------+-------+-------++-------
  Melee: Unarmed           |    88 |    92 |   160 ||   340
         Punch             |     1 |     1 |     9 ||    11
 Invoke: Berserk           |       |     2 |     3 ||     5
    Use: Scroll            |       |       |     7 ||     7
   Stab: Sleeping          |       |     1 |     1 ||     2
 Armour: Animal skin       |    45 |    60 |   104 ||   209
  Dodge: Dodged            |    44 |    19 |    65 ||   128
  Block: Other             |    10 |     9 |    40 ||    59
         Reflection        |     3 |       |     1 ||     4
